 Dungeon Sprint DCSS version 0.28-a0-29-g0adfcbbeba (webtiles) character file.

Game seed: 16693466212295501108

9571 Conn the Scorcher (level 11, -3/64 HPs)
             Began as an Octopode Fire Elementalist on July 27, 2021.
             Was a High Priest of Sif Muna.
             Slain by a demonic crawler (8 damage)
             ... in the Dungeon (Sprint I: "Red Sonja").
             The game lasted 00:26:14 (3377 turns).

Conn the Scorcher (Octopode Fire Elementalist)      Turns: 3377, Time: 00:26:14

Health: -3/64      AC:  3    Str:  8    XL:     11   Next: 48%
Magic:  2/43       EV: 15    Int: 21    God:    Sif Muna [*****.]
Gold:   26         SH:  4    Dex: 12    Spells: 5/31 levels left

rFire   + . .      SeeInvis .   s - +8 double sword of Moezowyu {spect, Will+}
rCold   . . .      Faith    .   (no shield)
rNeg    . . .      Spirit   .   (helmet restricted)
rPois   .          Reflect  .   (no amulet)
rElec   .          Harm     .   q - ring "Ymaofeaq" {rF+ MP+9}
rCorr   .          Rampage  .   r - ring of magical power
Will    +....      NoTele   +   (no ring)
Stlth   ++++......              (no ring)
HPRegen 0.00/turn               (no ring)
MPRegen 0.28/turn               (no ring)
                                (no ring)
                                (no ring)

@: inhibited regen, hasted, very quick
A: almost no armour, amphibious, 8 rings, camouflage 1, gelatinous body 1,
(nimble swimmer 1), tentacles, iridescent scales 1, large bone plates 1,
inhibited regeneration, wild magic 1
a: Renounce Religion, Channel Magic, Forget Spell, Divine Exegesis


You were in the Dungeon.
You worshipped Sif Muna.
Sif Muna was extremely pleased with you.
You visited 1 branch You collected 1627 gold pieces.
You spent 1601 gold pieces at shops.

Inventory:

Hand Weapons
 i - the +6 hand crossbow of the Ecumenical Temple {penet, rPois Dex+4}
   (You found it in the Dungeon)

   Any ammunition fired by it passes through the targets it hits, potentially
   hitting all targets in its path until it reaches maximum range.
   Dex:       It affects your dexterity (+4).
   rPois:     It protects you from poison.
 k - a +2 short sword of venom
 s - the +8 double sword of Moezowyu (weapon) {spect, Will+}
   (You bought it in a shop in the Dungeon)

   When its wielder attacks, the weapon's spirit leaps out and strikes again.
   The spirit shares a part of any damage it takes with its wielder.
   Will:      It increases your willpower.
Missiles
 j - 4 curare-tipped darts (quivered)
Armour
 f - a +1 kite shield of resistance
Magical Staves
 n - a staff of air
Jewellery
 q - the ring "Ymaofeaq" (left tentacle) {rF+ MP+9}
   (You bought it in a shop in the Dungeon)

   [ring of magical power]

   rF:        It protects you from fire.
   MP:        It affects your magic capacity (+9).
 r - a ring of magical power (right tentacle)
Wands
 e - a wand of digging (3)
Scrolls
 g - a scroll of identify {unknown}
 h - a scroll of enchant armour {unknown}
 p - a scroll of fear {unknown}
Potions
 a - 2 potions of curing
 c - a potion of haste
 d - 2 potions of magic
 m - 2 potions of might {unknown}
 o - a potion of cancellation {unknown}


   Skills:
 + Level 2.2 Fighting
 + Level 2.5(2.7) Short Blades
 + Level 1.2(2.0) Long Blades
 + Level 2.2 Throwing
 + Level 5.7 Dodging
 + Level 6.9 Stealth
 * Level 1.4 Shields
 + Level 10.9 Spellcasting
 + Level 12.8 Conjurations
 + Level 2.5 Hexes
 - Level 2.8 Summonings
 - Level 4.0 Translocations
 * Level 17.1 Fire Magic
 - Level 4.2 Earth Magic
 + Level 0.6 Poison Magic
 - Level 6.4 Invocations


You had 5 spell levels left.
You knew the following spells:

 Your Spells              Type           Power      Damage    Failure   Level
a - Foxfire               Conj/Fire      100%       2x1d9     1%          1
b - Conjure Flame         Conj/Fire      77%        6-21      1%          3
c - Inner Flame           Hex/Fire       62%        N/A       1%          3
d - Sticky Flame          Conj/Fire      77%        2d9       1%          4
e - Fireball              Conj/Fire      38%        3d16      1%          5
f - Blink                 Tloc           N/A        N/A       3%          2
g - Stone Arrow           Conj/Erth      100%       3d13      1%          3
h - Mephitic Cloud        Conj/Pois/Air  39%        N/A       4%          3
i - Call Imp              Summ           30%        N/A       4%          2

Your spell library contained the following spells:

 Spells                   Type           Power      Damage    Failure   Level
 Magic Dart               Conj           100%       1d8       1%          1
 Ignite Poison            Fire/Tmut/Pois 47%        N/A       3%          3
 Teleport Other           Tloc           36%        N/A       5%          3
 Sting                    Tmut/Pois      64%        1d6       9%          1
 Irradiate                Conj/Tmut      24%        3d21      17%         5
 Summon Forest            Summ/Tloc      16%        N/A       47%         5
 Alistair's Intoxication  Tmut/Pois      10%        N/A       87%         5
 Iron Shot                Conj/Erth      28%        9d6       34%         6
 Ignition                 Fire           41%        3d12      43%         8
 Statue Form              Tmut/Erth      17%        N/A       99%         6
 Disjunction              Tloc           18%        N/A       100%        8
 Fire Storm               Conj/Fire      38%        8d10      100%        9


Dungeon Overview and Level Annotations

Branches:
Dungeon (1/1)

Altars:
Cheibriados
Dithmenos
Elyvilon
Fedhas
Gozag
Hepliaklqana
Kikubaaqudgha
Makhleb
Nemelex Xobeh
Okawaru
Qazlal
Ru
Sif Muna
Trog
Uskayaw
Vehumet
Wu Jian
Xom
Yredelemnul
Zin
The Shining One
Jiyva
Lugonu

Shops:
D ?!=(**[!:[([(:(**!=[?


Innate Abilities, Weirdness & Mutations

You cannot wear most types of armour.
You are amphibious.
You can wear up to eight rings at the same time.
Your skin changes colour to match your surroundings (Stealth+).
Your rubbery body absorbs attacks. (AC +1, EV +1)
((You are camouflaged near water. (Stealth+)))
You have tentacles for arms and can constrict up to eight enemies at once.
You are partially covered in iridescent scales. (AC +2)
You are partially covered in large bone plates. (SH +4)
You do not regenerate when monsters are visible.
Your spells are a little harder to cast, but a little more powerful.


Message History

The demonic crawler resists.
Flame seeps out of the demonic crawler.
The demonic crawler is almost dead.
The fireball engulfs the demonic crawler!
The demonic crawler resists.
The demonic crawler is heavily wounded.
The demonic crawler is engulfed in blazing flames.
Sif Muna accepts your kill.
The demonic crawler explodes!
The demonic crawler hits you! The demonic crawler misses you.
The demonic crawler hits you!
* * * LOW HITPOINT WARNING * * *
Your base Long Blades skill increases to level 1!
Your Shields skill increases to level 1!
Casting: Fireball (dangerous; 1% risk of failure)
Confirm with . or Enter, or press ? or * to list all spells.
Okay, then.
The demonic crawler closely misses you.
You riposte.
You slash the demonic crawler!
The demonic crawler is severely wounded.
Your spectral +8 double sword of Moezowyu {spect, Will+} hits the demonic crawler!
The demonic crawler completely misses you.
The demonic crawler hits you!
* * * LOW HITPOINT WARNING * * *
Okay, then.
Okay, then.
You feel better. The demonic crawler hits you!
* * * LOW HITPOINT WARNING * * *
The demonic crawler closely misses you. The demonic crawler misses you.
Casting: Fireball (dangerous; 1% risk of failure)
Confirm with . or Enter, or press ? or * to list all spells.
Aiming: Stone Arrow (safe; 1% risk of failure)
Press: ? - help, Shift-Dir - straight line, f - demonic crawler
Aim: a demonic crawler (almost dead, 89% to hit)
The stone arrow hits the demonic crawler!
You kill the demonic crawler!
Sif Muna accepts your kill. The demonic crawler hits you.
* * * LOW HITPOINT WARNING * * *
The demonic crawler hits you!
You die...

###############
.'..#__#..'§§.#
.#..'^.'..#§°.##+#
###'#__####§§§'†§#
..#.####§.#####s@+
.##.#§≈§§.#..##+##
'#_.'≈≈)§§'..#
..._#§≈)..#§.#
_.#'##'#####'###
#'#.#.§§§###.'.#
#.####'###(###.#
...'.....'.∩##.#
...###########.#


You could see a demonic crawler.

Vanquished Creatures
  2 centaur warriors (D)
  Sonja (D)
  A deep troll (D)
  7 shining eyes (D)
  An oklob plant (D)
  2 unseen horrors (D)
  2 kobold demonologists (D)
  3 demonic crawlers (D)
  A hornet (D)
  A slime creature (D)
  2 redbacks (D)
  Sigmund (D)
  A yak (D)
  5 floating eyes (D)
  7 necrophages (D)
  An ogre (D)
  8 jellies (D)
  Ijyb (D)
  A ballistomycete spore (D)
48 creatures vanquished.

Vanquished Creatures (collateral kills)
  A shining eye (D)
  A floating eye (D)
2 creatures vanquished.

Vanquished Creatures (others)
  A gargoyle (D)
  A ballistomycete spore (D)
  54 foxfires (D)
56 creatures vanquished.

Grand Total: 106 creatures vanquished

Notes
Turn   | Place    | Note
-------+----------+-------------------------------------------
     0 | D        | Conn the Octopode Fire Elementalist began the quest for the
                  | Orb.
     0 | D        | Reached XP level 1. HP: 11/11 MP: 3/3
     2 | D        | Noticed Ijyb
    14 | D        | Killed Ijyb
    15 | D        | Reached skill level 5 in Fire Magic
    15 | D        | Reached XP level 2. HP: 11/17 MP: 3/6
    15 | D        | Reached XP level 3. HP: 14/21 MP: 3/7
   172 | D        | Learned a level 3 spell: Conjure Flame
   176 | D        | Learned a level 3 spell: Inner Flame
   182 | D        | Noticed an ogre
   205 | D        | Killed an ogre
   206 | D        | Reached skill level 7 in Fire Magic
   206 | D        | Reached XP level 4. HP: 27/27 MP: 0/9
   302 | D        | Noticed Sigmund
   317 | D        | Killed Sigmund
   318 | D        | Reached skill level 10 in Fire Magic
   318 | D        | Reached XP level 5. HP: 31/31 MP: 2/12
   318 | D        | Reached XP level 6. HP: 36/36 MP: 2/13
   438 | D        | Learned a level 4 spell: Sticky Flame
   448 | D        | Found an ornate altar of the Wu Jian Council.
   448 | D        | Found a shimmering blue altar of Sif Muna.
   450 | D        | Found a radiant altar of Vehumet.
   456 | D        | Reached skill level 5 in Stealth
   456 | D        | Reached skill level 5 in Spellcasting
   491 | D        | Identified the +6 hand crossbow of the Ecumenical Temple
                  | {penet, rPois Dex+4}
   495 | D        | Became a worshipper of Sif Muna the Loreminder
   516 | D        | Found Ganlatov's Antique Weapon Emporium.
   516 | D        | Found an ancient bone altar of Kikubaaqudgha.
   516 | D        | Found a hazy altar of Hepliaklqana.
   516 | D        | Found a stormy altar of Qazlal.
   516 | D        | Found a hide-covered altar of Uskayaw.
   516 | D        | Found a blossoming altar of Fedhas.
   516 | D        | Found a bloodstained altar of Trog.
   516 | D        | Found an iron altar of Okawaru.
   516 | D        | Found a basalt altar of Yredelemnul.
   516 | D        | Found a glowing golden altar of the Shining One.
   516 | D        | Found a snail-covered altar of Cheibriados.
   516 | D        | Found a sacrificial altar of Ru.
   516 | D        | Found a glowing silver altar of Zin.
   516 | D        | Found a shadowy altar of Dithmenos.
   516 | D        | Found a white marble altar of Elyvilon.
   516 | D        | Noticed a yak
   592 | D        | Killed a yak
   593 | D        | Reached skill level 5 in Conjurations
   593 | D        | Reached skill level 11 in Fire Magic
   593 | D        | Reached XP level 7. HP: 41/41 MP: 5/15
   673 | D        | Found an opulent altar of Gozag.
   674 | D        | Found a sparkling altar of Nemelex Xobeh.
   693 | D        | Learned a level 5 spell: Fireball
   693 | D        | Noticed Sonja
   697 | D        | Killed Sonja
   698 | D        | Reached skill level 1 in Hexes
   698 | D        | Reached skill level 13 in Fire Magic
   698 | D        | Reached XP level 8. HP: 24/46 MP: 8/18
  1006 | D        | Found Enwadur's Magic Scroll Boutique.
  1026 | D        | Noticed a deep troll
  1047 | D        | Killed a deep troll
  1047 | D        | Reached * piety under Sif Muna
  1048 | D        | Reached skill level 14 in Fire Magic
  1180 | D        | Killed a gargoyle
  1270 | D        | Found Xerist's Armour Emporium.
  1294 | D        | Noticed a centaur warrior
  1295 | D        | Noticed a centaur warrior
  1297 | D        | Killed a centaur warrior
  1297 | D        | Killed a centaur warrior
  1298 | D        | Reached skill level 1 in Throwing
  1298 | D        | Reached skill level 5 in Dodging
  1298 | D        | Reached skill level 10 in Conjurations
  1298 | D        | Reached skill level 15 in Fire Magic
  1298 | D        | Reached XP level 9. HP: 7/52 MP: 4/21
  1577 | D        | Noticed a hornet
  1588 | D        | Killed a hornet
  1588 | D        | Reached ** piety under Sif Muna
  1679 | D        | Found a burning altar of Makhleb.
  1679 | D        | Found a viscous altar of Jiyva.
  1679 | D        | Found a shimmering altar of Xom.
  1679 | D        | Found a corrupted altar of Lugonu.
  1821 | D        | Noticed an oklob plant
  1869 | D        | Killed an oklob plant
  1870 | D        | Reached skill level 1 in Invocations
  1870 | D        | Reached XP level 10. HP: 35/57 MP: 0/23
  2009 | D        | Reached *** piety under Sif Muna
  2192 | D        | Killed an unseen horror
  2193 | D        | Reached skill level 16 in Fire Magic
  2194 | D        | Killed an unseen horror
  2195 | D        | Reached skill level 1 in Fighting
  2403 | D        | Reached **** piety under Sif Muna
  2405 | D        | Reached ***** piety under Sif Muna
  2405 | D        | Received a gift from Sif Muna
  2559 | D        | Paralysed by a floating eye for 4 turns
  2576 | D        | Got Vyprynid's Catalogue of Dislocated Clay {god gift}
  2580 | D        | Learned a level 2 spell: Blink
  2584 | D        | Learned a level 3 spell: Stone Arrow
  2585 | D        | Found Itzopicy's Distillery.
  2586 | D        | Found Bywasow's Jewellery Emporium.
  2587 | D        | Found Koir's Magic Scroll Emporium.
  2599 | D        | Found Ycaodu's Distillery.
  2599 | D        | Found Ocvibes's Armour Shop.
  2599 | D        | Found Ynkul's Book Boutique.
  2601 | D        | Found Ytsociw's Antique Armour Emporium.
  2601 | D        | Found Lusiporo's Weapon Shop.
  2601 | D        | Found Waatuhes's Armour Shoppe.
  2601 | D        | Found Peasej's Weapon Boutique.
  2601 | D        | Found Plog's Book Emporium.
  2601 | D        | Found Hitiecis's Weapon Shop.
  2601 | D        | Found Fefir's Assorted Antiques.
  2605 | D        | Found Junaevo's General Store.
  2617 | D        | Bought the ring "Ymaofeaq" {rF+ MP+9} for 408 gold pieces
  2617 | D        | Bought a ring of magical power for 240 gold pieces
  2686 | D        | Bought a shimmering double sword for 320 gold pieces
  2686 | D        | Identified the +8 double sword of Moezowyu {spect, Will+}
                  | (You bought it in a shop in the Dungeon)
  2714 | D        | Bought a book of Minor Magic for 180 gold pieces
  2718 | D        | Learned a level 3 spell: Mephitic Cloud
  2721 | D        | Learned a level 2 spell: Call Imp
  2766 | D        | Noticed a kobold demonologist
  2767 | D        | Received a gift from Sif Muna
  2767 | D        | Noticed a kobold demonologist
  2769 | D        | Killed a kobold demonologist
  2770 | D        | Reached skill level 1 in Short Blades
  2770 | D        | Reached skill level 1 in Translocations
  2770 | D        | Reached skill level 1 in Earth Magic
  2770 | D        | Killed a kobold demonologist
  2771 | D        | Reached skill level 10 in Spellcasting
  2773 | D        | Got Sif Muna's Volume of Burning Moulding {god gift}
  2831 | D        | Noticed a shining eye
  2831 | D        | Noticed a shining eye
  2831 | D        | Noticed a shining eye
  2831 | D        | Gained mutation: You are partially covered in iridescent
                  | scales. (AC +2) [a shining eye]
  2856 | D        | Killed a shining eye
  2857 | D        | Reached skill level 5 in Invocations
  2862 | D        | Noticed a shining eye
  2863 | D        | Noticed a shining eye
  2865 | D        | Paralysed by a floating eye for 2 turns
  2867 | D        | Noticed a shining eye
  2873 | D        | Paralysed by a floating eye for 2 turns
  2878 | D        | Reached skill level 1 in Summonings
  2878 | D        | Gained mutation: You are weak. (Str -2) [a shining eye]
  2878 | D        | Paralysed by a floating eye for 3 turns
  2880 | D        | Gained mutation: You are clumsy. (Dex -2) [a shining eye]
  2881 | D        | Killed a shining eye
  2882 | D        | Reached XP level 11. HP: 64/64 MP: 16/25
  2882 | D        | Killed a shining eye
  2882 | D        | Received a gift from Sif Muna
  2884 | D        | Gained mutation: You sometimes lose the ability to read
                  | scrolls when taking damage. [a shining eye]
  2886 | D        | Killed a shining eye
  2888 | D        | Killed a shining eye
  3047 | D        | Lost mutation: You are weak. (Str -2) [potion of mutation]
  3047 | D        | Lost mutation: You are clumsy. (Dex -2) [potion of
                  | mutation]
  3047 | D        | Lost mutation: You are partially covered in iridescent
                  | scales. (AC +2) [potion of mutation]
  3047 | D        | Gained mutation: You are partially covered in large bone
                  | plates. (SH +4) [potion of mutation]
  3047 | D        | Gained mutation: You do not regenerate when monsters are
                  | visible. [potion of mutation]
  3047 | D        | Gained mutation: Your spells are a little harder to cast,
                  | but a little more powerful. [potion of mutation]
  3052 | D        | Gained mutation: Your magical capacity is low. (-10% MP) [a
                  | shining eye]
  3065 | D        | Gained mutation: Your body sometimes deteriorates upon
                  | taking damage. [a shining eye]
  3066 | D        | Killed a shining eye
  3074 | D        | Noticed a shining eye
  3074 | D        | Noticed a shining eye
  3094 | D        | Killed a shining eye
  3095 | D        | Reached skill level 17 in Fire Magic
  3096 | D        | Killed a shining eye
  3104 | D        | Found Beiroler's Distillery.
  3104 | D        | Found Iheler's General Store.
  3104 | D        | Found Zighud's Jewellery Emporium.
  3104 | D        | Found Vifam's General Store.
  3156 | D        | Bought a +1 kite shield of resistance for 365 gold pieces
  3293 | D        | Bought a potion of mutation for 88 gold pieces
  3293 | D        | Lost mutation: You sometimes lose the ability to read
                  | scrolls when taking damage. [potion of mutation]
  3293 | D        | Lost mutation: Your body sometimes deteriorates upon taking
                  | damage. [potion of mutation]
  3293 | D        | Lost mutation: Your magical capacity is low. (-10% MP)
                  | [potion of mutation]
  3293 | D        | Gained mutation: You are partially covered in iridescent
                  | scales. (AC +2) [potion of mutation]
  3374 | D        | Received a gift from Sif Muna
  3375 | D        | Reached skill level 1 in Long Blades
  3375 | D        | Reached skill level 1 in Shields
  3377 | D        | Slain by a demonic crawler

Illustrated notes

Levels and vault maps discovered:
D:        dungeon_sprint_1 [red_sonja_temple_1, red_sonja_temple_small_1]

Skill      XL: |  1  2  3  4  5  6  7  8  9 10 11 |
---------------+----------------------------------+-----
Stealth        | 3 4 5 6 |  6.9
Spellcasting   | 3 4 5 6 8 9 10 | 10.9
Fire Magic     | 5 7 10 11 13 15 16 17 | 17.1
Dodging        | 3 4 5 |  5.7
Conjurations   | 2 4 5 6 10 12 | 12.8
Hexes          | 1 2 |  2.5
Throwing       | 1 2 |  2.2
Invocations    | 1 5 6 |  6.4
Fighting       | 1 2 |  2.2
Short Blades   | 1 2 |  2.5
Translocations | 2 4 |  4.0
Earth Magic    | 2 4 |  4.2
Summonings     | 1 2 |  2.8
Long Blades    | 1 |  1.2
Shields        | 1 |  1.4
Poison Magic   | |  0.6

Action                   |  1- 3 |  4- 6 |  7- 9 | 10-12 || total
-------------------------+-------+-------+-------+-------++-------
Melee: Unarmed           |     8 |       |       |       ||     8
       Constrict         |     1 |       |       |     8 ||     9
       Short sword       |       |       |     4 |    26 ||    30
       Tentacles         |       |       |     1 |     6 ||     7
       Double sword      |       |       |       |     4 ||     4
Throw: Dart              |       |       |     2 |     2 ||     4
 Cast: Foxfire           |     4 |    14 |     6 |     7 ||    31
       Conjure Flame     |     1 |     4 |     2 |     3 ||    10
       Inner Flame       |       |     1 |     1 |     2 ||     4
       Sticky Flame      |       |       |     2 |    10 ||    12
       Fireball          |       |       |    13 |    20 ||    33
       Call Imp          |       |       |       |    12 ||    12
       Stone Arrow       |       |       |       |     5 ||     5
       Mephitic Cloud    |       |       |       |     3 ||     3
       Blink             |       |       |       |     1 ||     1
Evoke: Wand              |       |     1 |       |       ||     1
  Use: Potion            |     1 |       |       |     7 ||     8
       Scroll            |     1 |       |       |       ||     1
 Stab: Sleeping          |       |       |       |     2 ||     2
Armor: Skin              |     1 |       |     1 |     1 ||     3
Dodge: Dodged            |     3 |       |     7 |    25 ||    35
Block: Other             |       |       |       |     1 ||     1
       Rpst.: Double sword |       |       |       |     2 ||     2

Table legend: (Time is in decaauts)
 A = Elapsed time spent in this place.
 B = Non-inter-level travel time spent in this place.
 C = Inter-level travel time spent in this place.
 D = Time resting spent in this place.
 E = Time spent auto-exploring this place.
 F = Levels seen in this place.
 G = Mean time per level.
                   A        B        C        D        E       F      G
               +--------+--------+--------+--------+--------+-----+--------+
         Total |   3374 |   3328 |     46 |   2078 |      0 |   1 | 3374.0 |
       Dungeon |   3374 |   3328 |     46 |   2078 |      0 |   1 | 3374.0 |
               +--------+--------+--------+--------+--------+-----+--------+

Top non-repeatable levels by time:
       D: 3374 daAuts
